 Dungeon Crawl Stone Soup version 0.20-a0-4-gd166d5d (webtiles) character file.

340 Gobser the Chopper (level 6, -7/53 HPs)
             Began as a Draconian Chaos Knight on Oct 31, 2016.
             Mangled by an ogre
             ... wielding a +4 giant spiked club of chaos
              (28 damage)
             ... on level 4 of the Dungeon.
             The game lasted 00:09:21 (3166 turns).

Gobser the Chopper (Draconian Chaos Knight)         Turns: 3166, Time: 00:09:22

Health: -7/53      AC:  8    Str: 19    XL:     6   Next: 30%
Magic:  6/6        EV: 13    Int: 12    God:    Xom [*.....]
Gold:   185        SH:  0    Dex: 10    Spells: 0 memorised, 5 levels left

rFire  . . .     SeeInvis .     a - +2 hand axe (chaos)
rCold  . . .     Gourm    .     (armour unavailable)
rNeg   . . .     Faith    +     (no shield)
rPois  .         Spirit   .     (helmet restricted)
rElec  .         Reflect  .     (no cloak)
rCorr  .         Harm     .     k - +1 pair of gloves
MR     +....                    (no boots)
Stlth  ++........               e - amulet of faith
                                l - ring of protection from magic
                                m - +2 ring of strength

@: cleaving, very slightly contaminated, hasted, very quick
A: unfitting armour, cold-blooded, AC +6
a: Renounce Religion


You were on level 4 of the Dungeon.
You worshipped Xom.
You were a special plaything of Xom.
You were not hungry.

You visited 1 branch of the dungeon, and saw 4 of its levels.

You collected 185 gold pieces.

Inventory:

Hand Weapons
 a - a +2 hand axe of chaos (weapon)
 c - a +4 spear
Armour
 k - a +1 pair of gloves (worn)
Jewellery
 d - an uncursed amulet of rage
 e - an amulet of faith (around neck)
 i - an uncursed ring of protection from cold
 l - a ring of protection from magic (right hand)
 m - a +2 ring of strength (left hand)
Scrolls
 g - 3 scrolls of amnesia
Potions
 h - a potion of curing
Comestibles
 b - 3 bread rations
 f - 2 fruits
 j - a beef jerky
 n - a slice of pizza


   Skills:
 + Level 4.6 Fighting
 + Level 5.3 Axes
 + Level 3.4 Dodging
 + Level 1.6 Stealth
 + Level 0.4 Unarmed Combat


You had 5 spell levels left.
You didn't know any spells.

Dungeon Overview and Level Annotations

Branches:
Dungeon (4/15)             Temple (0/1) D:4

Altars:
Elyvilon
Okawaru
Xom
Zin


Innate Abilities, Weirdness & Mutations

Your plain brown scales are hard. (AC +6)
You cannot fit into any form of body armour.
You are cold-blooded and may be slowed by cold attacks.


Message History

You feel yourself slow down. The ogre freezes you.
The worker ant barely misses you.
You barely miss the ogre.
The ogre is severely wounded.
You hit the worker ant.
The ogre hits you with a giant spiked club of chaos!
You feel yourself speed up.
You are very lightly contaminated with residual magic.
Xom is amused.
Xom thinks this is hilarious!
The worker ant closely misses you.
You completely miss the ogre. You tail-slap the ogre.
The ogre is almost dead.
You barely miss the worker ant.
You feel yourself speed up. Xom smiles on you.
Your +2 hand axe of chaos looks sharp (like it always does).
The worker ant bites you but does no damage.
The ogre hits you with a giant spiked club of chaos!!
Ouch! That really hurt!
You die...

#.#####.# #.###******,**
#.......# ####...#,,,,,,,,*****
#############..<...#,,....,,*,,,,
#.....##...#,,....,>*,***
###.##..##...#,.....,,*,,,,
#####...#.).##...#,.....,,*,,,,
#................#....,,,,,,,,,
#.........###..a.#....,,,,,,,,*
#....†....##..@O..#,**,**,*****
#####.....##.#....#,,,,,,,*
########....#.#***,**** ####.#.#
*,* #...# *,* #.###* *,* #..,,*
*,* ###*,* *,* *,***,*


You could see an ogre and a worker ant.

Vanquished Creatures
  An ogre (D:4)
  The ghost of Gobser the Shooter, a weakling CeHu (D:3)
  A worker ant (D:4)
  3 gnolls (D:3)
  5 adders (D:2)
  2 oozes
  An adder skeleton (D:4)
  6 worms
  4 dart slugs
  3 leopard geckos
  3 orcs
  5 bats
  9 goblins
  5 hobgoblins
  3 jackals (D:1)
  2 quokkas (D:3)
  3 ball pythons
  7 frilled lizards
  9 kobolds
  7 rats
  5 fungi (D:1)
85 creatures vanquished.

Vanquished Creatures (others)
  An orc (D:3)
1 creature vanquished.

Grand Total: 86 creatures vanquished

Notes
Turn   | Place    | Note
-------+----------+-------------------------------------------
     0 | D:1      | Gobser the Draconian Chaos Knight began the quest for the Orb.
     0 | D:1      | Reached XP level 1. HP: 19/19 MP: 1/1
    43 | D:1      | Reached XP level 2. HP: 9/26 MP: 2/2
   356 | D:1      | XOM: silly message
   880 | D:2      | Found a shimmering altar of Xom.
   901 | D:2      | Reached XP level 3. HP: 22/33 MP: 3/3
  1022 | D:2      | XOM: smoke on damage
  1041 | D:2      | Reached XP level 4. HP: 12/40 MP: 4/4
  1049 | D:2      | Reached skill level 4 in Axes
  1453 | D:2      | Found a glowing silver altar of Zin.
  1471 | D:2      | XOM: potion effect (haste)
  1498 | D:2      | XOM: cast spell 'Spider Form'
  1584 | D:2      | XOM: harmless Summ miscast
  1624 | D:3      | Found a white marble altar of Elyvilon.
  1628 | D:3      | Noticed Gobser's ghost (weakling CeHu)
  1641 | D:3      | XOM: potion effect (heal wounds)
  1658 | D:3      | Killed Gobser's ghost
  1658 | D:3      | Reached XP level 5. HP: 11/46 MP: 5/5
  1913 | D:3      | XOM: mild Hex miscast
  1934 | D:3      | XOM: cloud trail
  1948 | D:3      | XOM: 7-stop teleportation journey
  1952 | D:3      | XOM: smoke on damage
  2072 | D:3      | XOM: god gift: 13 gold pieces
  2113 | D:3      | XOM: god gift: bread ration
  2119 | D:3      | XOM: harmless Hex miscast
  2159 | D:3      | Reached skill level 1 in Stealth
  2236 | D:3      | XOM: summons 1 hostile shadow creature
  2402 | D:3      | XOM: medium Tmut miscast
  2408 | D:3      | XOM: 2-stop teleportation journey
  2715 | D:3      | XOM: medium Necr miscast
  2789 | D:3      | XOM: summons 1 hostile demon
  2847 | D:3      | XOM: harmless Erth miscast
  2861 | D:3      | XOM: harmless Divn miscast
  2899 | D:4      | XOM: cleaving
  2920 | D:4      | XOM: harmless Summ miscast
  2932 | D:4      | Noticed an ogre
  2937 | D:4      | XOM: noise
  2939 | D:4      | Killed an ogre
  2939 | D:4      | Reached skill level 5 in Axes
  2939 | D:4      | Reached XP level 6. HP: 34/53 MP: 6/6
  3030 | D:4      | XOM: 1-stop teleportation journey
  3031 | D:4      | Found an iron altar of Okawaru.
  3162 | D:4      | XOM: 3-stop teleportation journey
  3163 | D:4      | XOM: chaos upgrade
  3166 | D:4      | XOM: cleaving
  3166 | D:4      | Mangled by an ogre

Vault maps used:
D:1:      ncdulo_watergridlock, minmay_gold_behind_fungi
D:2:      lemuel_crystal_altar, xom_teletrap_fun, first_bread
D:3:      old_standard_altar, minmay_goblin_outpost
D:4:      okawaru_ov_weapons_minmay, bloody_trog

Skill      XL: |  1  2  3  4  5 |
---------------+----------------+-----
Axes           | 4 5 |  5.3
Fighting       | 4 |  4.6
Dodging        | 3 |  3.4
Stealth        | 1 |  1.6
Unarmed Combat | |  0.4

Action                   |  1- 3 |  4- 6 || total
-------------------------+-------+-------++-------
Melee: Hand axe          |   113 |   162 ||   275
       Tailslap          |     9 |    13 ||    22
       Unarmed           |       |     6 ||     6
  Use: Scroll            |       |    10 ||    10
       Potion            |       |     5 ||     5
 Stab: Paralysed         |       |     3 ||     3
  Eat: Meat ration       |       |     1 ||     1
       Fruit             |       |     1 ||     1
       Bread ration      |       |     1 ||     1
Armor: Skin              |    31 |    47 ||    78
Dodge: Dodged            |    78 |   118 ||   196
